 Dungeon Crawl Stone Soup version 0.23.2-1-ga50397a6bc (webtiles) character file.

Game seed: 5949181190074011321

308 Hopman the Shield-Bearer (level 6, -9/56 HPs)
             Began as a Minotaur Fighter on May 26, 2019.
             Was an Initiate of Okawaru.
             Killed by nerve-wracking pain
             ... invoked by Grinder
              (13 damage)
             ... on level 3 of the Dungeon.
             The game lasted 00:11:52 (1967 turns).

Hopman the Shield-Bearer (Minotaur Fighter)         Turns: 1967, Time: 00:11:53

Health: -9/56      AC: 10    Str: 23    XL:     6   Next: 16%
Magic:  0/5        EV:  8    Int:  8    God:    Okawaru [......]
Gold:   134        SH: 10    Dex:  9    Spells: 5/5 levels left

rFire    . . .     SeeInvis .   a - +0 war axe
rCold    . . .     Gourm    .   c - +0 shield
rNeg     . . .     Faith    .   u - +4 ring mail
rPois    .         Spirit   +   (helmet restricted)
rElec    .         Reflect  .   p - scarf {Spirit}
rCorr    .         Harm     .   (no gloves)
MR       .....                  (no boots)
Stlth    ..........             (no amulet)
HPRegen  0.18/turn              e - +3 ring of intelligence
MPRegen  0.09/turn              (no ring)

@: no status effects
A: retaliatory headbutt, horns 2
a: Renounce Religion


You were on level 3 of the Dungeon.
You worshipped Okawaru.
Okawaru was noncommittal.
You were hungry.

You visited 1 branch of the dungeon, and saw 3 of its levels.

You collected 134 gold pieces.

Inventory:

Hand Weapons
 a - a +0 war axe (weapon)
 s - a +1 spear of venom
Armour
 b - a +0 scale mail
 c - a +0 shield (worn)
 p - a scarf of spirit shield (worn)
 u - a +4 ring mail (worn)
Jewellery
 e - a +3 ring of intelligence (left hand)
Scrolls
 h - 2 scrolls of random uselessness {unknown}
 i - 3 scrolls of identify {unknown}
 l - 3 scrolls of fog {unknown}
 m - 2 scrolls of teleportation {unknown}
 n - 2 scrolls of blinking {unknown}
 o - a scroll of amnesia {unknown}
 q - a scroll of immolation {unknown}
 r - a scroll of remove curse {unknown}
 x - a scroll of magic mapping {unknown}
 y - a scroll of enchant armour {unknown}
Potions
 g - 2 potions of heal wounds {unknown}
 j - a potion of haste {unknown}
 k - 2 potions of resistance {unknown}
 t - 2 potions of flight {unknown}
 w - a potion of lignification {unknown}
Comestibles
 f - 3 rations


   Skills:
 * Level 5.2 Fighting
 * Level 4.2(4.3) Axes
 - Level 1.2(3.0) Polearms
 * Level 5.0 Armour
 * Level 5.3 Shields


You had 5 spell levels left.
You didn't know any spells.
Your spell library contained the following spells:

 Spells                   Type           Power        Failure   Level  Hunger
 Summon Small Mammal      Summ           #...         93%         1    ##.....
 Call Imp                 Summ           #.......     98%         2    ###....
 Call Canine Familiar     Summ           #.......     100%        3    ####...
 Summon Guardian Golem    Hex/Summ       #.......     100%        3    ####...
 Summon Ice Beast         Ice/Summ       #.......     100%        4    #####..
 Summon Lightning Spire   Summ/Air       #.......     100%        4    #####..


Dungeon Overview and Level Annotations

Branches:
Dungeon (3/15)

Altars:
Ashenzari
Makhleb
Okawaru
Sif Muna
Zin

Annotations:
D:3 Grinder


Innate Abilities, Weirdness & Mutations

You reflexively headbutt those who attack you in melee.
You have a pair of horns on your head.


Message History

Grinder gestures at you. Pain shoots through your body!
* * * LOW HITPOINT WARNING * * *
Grinder hits you.
* * * LOW HITPOINT WARNING * * *
You writhe in agony.
* * * LOW HITPOINT WARNING * * *
You miss Grinder.
Grinder is severely wounded.
Grinder hits you but does no damage.
You closely miss Grinder.
Grinder is severely wounded.
Grinder is no longer unusually agile.
Grinder blinks!
You feel a little less mighty now. You block Grinder's attack.
You hit Grinder. You headbutt Grinder.
Grinder is almost dead.
Grinder gestures at you. Pain shoots through your body!
You die...

........#
........
.%.....
#####..
.....
#.####.....
...
...........
#g#
#.####..###
#(# #..# #
#(# #..# #
#.#####
#..#
#.ยง)@5#
#..#
#####(#
#..# #.#
#..# #.# .#
#.# ..# #.#
#.# ### #.#
#.# #.. #.#
#.# ###.#.#
#.# #.#
.......


You could see Grinder.

Vanquished Creatures
  Sigmund (D:3)
  2 orc wizards (D:3)
  3 adders (D:2)
  2 worms (D:2)
  3 dart slugs (D:1)
  3 orcs (D:3)
  A ball python (D:2)
  2 giant cockroaches
  10 goblins
  6 hobgoblins
  12 jackals
  3 kobolds
  6 bats
  4 frilled lizards
  7 rats
  A plant (D:2)
66 creatures vanquished.

Notes
Turn   | Place    | Note
-------+----------+-------------------------------------------
     0 | D:1      | Hopman the Minotaur Fighter began the quest for the Orb.
     0 | D:1      | Reached XP level 1. HP: 19/19 MP: 0/0
   129 | D:1      | Reached XP level 2. HP: 27/27 MP: 1/1
   584 | D:2      | Reached XP level 3. HP: 32/33 MP: 2/2
   825 | D:2      | Reached XP level 4. HP: 39/41 MP: 1/3
   927 | D:2      | You fall through a shaft!
   940 | D:3      | Noticed Sigmund
   956 | D:3      | Killed Sigmund
   956 | D:3      | Reached skill level 5 in Fighting
   956 | D:3      | Reached skill level 1 in Polearms
   956 | D:3      | Reached skill level 5 in Shields
   956 | D:3      | Reached XP level 5. HP: 16/48 MP: 1/4
  1060 | D:3      | Found a deep blue altar of Sif Muna.
  1154 | D:3      | Found a glowing silver altar of Zin.
  1154 | D:3      | Found an iron altar of Okawaru.
  1154 | D:3      | Found a burning altar of Makhleb.
  1176 | D:3      | Became a worshipper of Warmaster Okawaru
  1216 | D:2      | Found a shattered altar of Ashenzari.
  1916 | D:3      | Noticed Grinder
  1945 | D:3      | Reached XP level 6. HP: 10/56 MP: 1/5
  1950 | D:3      | Reached skill level 5 in Armour
  1967 | D:3      | Killed from afar by Grinder

Skill      XL: |  1  2  3  4  5  6 |
---------------+-------------------+-----
Shields        | 4 5 |  5.3
Fighting       | 4 5 |  5.2
Armour         | 4 5 |  5.0
Axes           | 3 4 |  4.2
Polearms       | 1 |  1.2

Action                   |  1- 3 |  4- 6 || total
-------------------------+-------+-------++-------
Melee: War axe           |    99 |    80 ||   179
       Headbutt          |    19 |    11 ||    30
  Use: Potion            |       |     1 ||     1
  Eat: Chunk             |       |     3 ||     3
Armor: Scale mail        |    38 |    10 ||    48
       Ring mail         |       |    25 ||    25
Dodge: Dodged            |    31 |    28 ||    59
Block: Shield            |    53 |    41 ||    94
